Map: Ultralove

Players

wootwoot - Winner!

  • Race: Zerg Zerg
  • League: Silver
  • Spawn Location: 7:00

Ruui

  • Race: Zerg Zerg
  • League: Master
  • Spawn Location: 1:00

VOD

Have the link to the VOD?

Description

Time

  • Played on: April 21, 2025, 11:06 a.m.
  • Length: 2:51
Show
View Real Time Build Order
Export as new Build Order

wootwoot Zerg - Winner!

Build Orders: Pool First 

Get SALT Encoding   

  12  0:01  Drone  
  13  0:08  Extractor  
  12  0:24  Spawning Pool  
  11  0:28  Drone  
  11  0:33  Drone  
  13  0:45  Overlord  
  13  1:10  Metabolic Boost  
  13  1:11  Zergling x6  
  16  1:23  Zergling x2  
  17  1:38  Hatchery  
  16  1:41  Zergling x2  
  16  1:45  Zergling x2  
  18  1:54  Zergling x2  
  19  2:03  Queen  
  21  2:12  Overlord  
  21  2:17  Zergling x2  
  22  2:32  Zergling x2  
Show
View Real Time Build Order
Export as new Build Order

Ruui Zerg 

Build Orders: Hatch First 

Get SALT Encoding   

  12  0:00  Drone  
  13  0:14  Overlord  
  13  0:19  Drone  
  14  0:33  Drone x2  
  16  0:39  Drone  
  17  0:52  Hatchery  
  16  0:58  Drone  
  17  1:06  Extractor  
  17  1:08  Drone  
  17  1:16  Spawning Pool  
  16  1:22  Drone x2  
  18  1:30  Drone  
  19  1:43  Overlord  
  19  2:03  Zergling x4  
  19  2:05  Queen  
  19  2:07  Zergling x2  
  26  2:20  Spine Crawler  
  23  2:32  Zergling x4  
Tags
 
Matchup
ZvZ
Race
Zerg
Replay Pack
#1B2M-Replays
Spawn Locations
Cross Positions
Add a new tag
Caveats
  • Supply blocks, unpowered buildings, or Contaminate may cause inaccurate times.
  • Supply counts are checked every 10 seconds.